 Dungeon Crawl Stone Soup version 0.20.0-15-g7f486f2 (webtiles) character file.

46 greprep the Sneak (level 3, 0/21 HPs)
             Began as an Octopode Enchanter on June 27, 2017.
             Succumbed to an adder's poison
             ... on level 2 of the Dungeon.
             The game lasted 00:03:23 (1406 turns).

greprep the Sneak (Octopode Enchanter)              Turns: 1406, Time: 00:03:23

Health: 0/21       AC:  1    Str:  7    XL:     3   Next: 66%
Magic:  2/6        EV: 13    Int: 17    God:
Gold:   51         SH:  0    Dex: 13    Spells: 3/6 levels left

rFire    x . .     SeeInvis .   a - +1 dagger
rCold    + . .     Gourm    .   (no shield)
rNeg     . . .     Faith    .   (helmet restricted)
rPois    .         Spirit   .   (no amulet)
rElec    .         Reflect  .   e - ring of ice
rCorr    .         Harm     .   (no ring)
MR       .....                  (no ring)
Stlth    ++++......             (no ring)
Regen    0.1/turn               (no ring)
MPRegen  0.1/turn               (no ring)
                                (no ring)
                                (no ring)

@: lethally poisoned (0 -> -1)
A: almost no armour, stealthy swim, amphibious, 8 rings, constrict 8, camouflage
1, gelatinous body 1
a: no special abilities


You were on level 2 of the Dungeon.
You were not hungry.

You visited 1 branch of the dungeon, and saw 2 of its levels.

You collected 51 gold pieces.

Inventory:

Hand Weapons
 a - a +1 dagger (weapon)
Jewellery
 e - a ring of ice (left tentacle)
Wands
 h - a wand of disintegration (5/24)
Scrolls
 d - a scroll of identify
 g - 2 scrolls of teleportation
Books
 b - a book of Maledictions

   Spells                             Type                      Level
   a - Corona                         Hexes                        1
   b - Ensorcelled Hibernation        Hexes/Ice                    2
   c - Confuse                        Hexes                        3
   d - Tukima's Dance                 Hexes                        3
   e - Dazzling Spray                 Conjuration/Hexes            3
Comestibles
 c - a bread ration


   Skills:
 - Level 1.0 Short Blades
 - Level 2.0 Dodging
 * Level 6.2 Stealth
 - Level 2.0 Spellcasting
 - Level 3.0 Hexes


You had 3 spell levels left.
You knew the following spells:

 Your Spells              Type           Power        Failure   Level  Hunger
a - Corona                Hex            ##.....      5%          1    #......
b - Ensorcelled Hibernat  Hex/Ice        ##....       16%         2    ###....


Dungeon Overview and Level Annotations

Branches:
Dungeon (2/15)

Altars:


Innate Abilities, Weirdness & Mutations

You cannot wear most types of armour.
You are very stealthy in the water. (Stealth+)
You are amphibious.
You can wear up to eight rings at the same time.
You can use your tentacles to constrict eight enemies at once.
Your skin changes colour to match your surroundings (Stealth+).
Your rubbery body absorbs attacks. (AC +1, EV +1)


Message History

You drop an uncursed ring of teleportation.
You eat the royal jelly.
That royal jelly was delicious!
* * * LOW HITPOINT WARNING * * *
You feel sick.
As you read the scroll labeled CEKUAC ZIROYC, it crumbles to dust.
It is a scroll of identify.
g - 2 scrolls of teleportation Unknown command.
There is a lethal amount of poison in your body!
* * * LOW HITPOINT WARNING * * *
You feel sick.
There is a stone staircase leading down here.
* * * LOW HITPOINT WARNING * * *
You feel sick.
* * * LOW HITPOINT WARNING * * *
You feel sick.
Your magical contamination has completely faded away.
* * * LOW HITPOINT WARNING * * *
You feel sick.
You die...

###### ##....#
#####.....#
#.†....###########
#..=>............#
#..#############@#
..%#############.#
...#.............#
..##.####.####.#.#
..##.#.['.'..#.#.#
####.#8.#.#..#.#.#
#.####.##'#.#.#
#...........#.#
#.####.##'#.#.#


There were no monsters in sight!

Vanquished Creatures
  An adder (D:2)
  4 goblins (D:1)
  6 hobgoblins
  4 jackals (D:2)
  5 kobolds
  A quokka (D:2)
  A ball python (D:1)
  5 bats
  5 frilled lizards
  2 rats
34 creatures vanquished.

Notes
Turn   | Place    | Note
-------+----------+-------------------------------------------
     0 | D:1      | greprep the Octopode Enchanter began the quest for the Orb.
     0 | D:1      | Reached XP level 1. HP: 11/11 MP: 3/3
   205 | D:1      | Reached XP level 2. HP: 17/17 MP: 5/5
   469 | D:1      | Reached skill level 5 in Stealth
   823 | D:2      | Reached XP level 3. HP: 14/21 MP: 6/6
   837 | D:2      | HP: 1/21 [leopard gecko (2)]
  1318 | D:2      | Learned a level 2 spell: Ensorcelled Hibernation
  1374 | D:2      | Reached skill level 6 in Stealth
  1402 | D:2      | HP: 1/21 [poisoned by an adder]
  1406 | D:2      | Succumbed to an adder's poison

Skill      XL: |  1  2  3 |
---------------+----------+-----
Stealth        | 5 6 |  6.2
Short Blades   | |  1.0
Dodging        | |  2.0
Spellcasting   | |  2.0
Hexes          | |  3.0

Action                   || total
-------------------------++-------
Melee: Dagger            ||    67
       Constrict         ||    18
       Tentacles         ||     8
 Cast: Ensorcelled Hiber ||     2
Evoke: Wand              ||     1
  Use: Scroll            ||     2
       Potion            ||     2
 Stab: Sleeping          ||    12
  Eat: Royal jelly       ||     1
       Chunk             ||     1
Armor: Skin              ||     5
Dodge: Dodged            ||    35
